 Dungeon Crawl Stone Soup version 0.20.0-10-g0535bb4 (webtiles) character file.

241 McKennaii the Shield-Bearer (level 5, -9/47 HPs)
             Began as a Minotaur Fighter on June 7, 2017.
             Mangled by an orc warrior
             ... wielding a +0 halberd
              (15 damage)
             ... on level 4 of the Dungeon.
             The game lasted 00:03:25 (2963 turns).

McKennaii the Shield-Bearer (Minotaur Fighter)      Turns: 2963, Time: 00:03:26

Health: -9/47      AC: 12    Str: 21    XL:     5   Next: 80%
Magic:  4/4        EV:  6    Int:  5    God:
Gold:   184        SH: 10    Dex: 10    Spells: 4/4 levels left

rFire    . . .     SeeInvis .   a - +1 long sword
rCold    . . .     Gourm    .   c - +0 shield
rNeg     . . .     Faith    .   A - +0 chain mail
rPois    .         Spirit   .   j - +2 hat
rElec    .         Reflect  .   (no cloak)
rCorr    .         Harm     .   y - +0 pair of gloves
MR       .....                  (no boots)
Stlth    ..........             (no amulet)
Regen    0.2/turn               (no ring)
MPRegen  0.1/turn               (no ring)

@: no status effects
A: retaliatory headbutt, horns 2
a: no special abilities


You were on level 4 of the Dungeon.
You were not hungry.

You visited 1 branch of the dungeon, and saw 4 of its levels.

You collected 184 gold pieces.

Inventory:

Hand Weapons
 a - a +1 long sword (weapon)
Armour
 b - a +0 scale mail
 c - a +0 shield (worn)
 j - a +2 hat (worn)
 y - a +0 pair of gloves (worn)
 A - a +0 chain mail (worn)
Wands
 l - a wand of acid (10/15)
Scrolls
 k - a scroll of remove curse
 m - a scroll of identify
 s - a scroll of immolation {unknown}
 u - a scroll of teleportation {unknown}
 x - a scroll of random uselessness {unknown}
Potions
 d - a potion of might
 g - 2 potions of heal wounds
 h - 2 potions of mutation {unknown}
 i - a potion of agility {unknown}
 n - a potion of berserk rage {unknown}
 p - a potion of brilliance {unknown}
 q - a potion of cancellation {unknown}
 v - a potion of flight {unknown}
 w - a potion of ambrosia {unknown}
Books
 r - a book of Maledictions

   Spells                             Type                      Level
   a - Corona                         Hexes                        1
   b - Ensorcelled Hibernation        Hexes/Ice                    2
   c - Confuse                        Hexes                        3
   d - Tukima's Dance                 Hexes                        3
   e - Dazzling Spray                 Conjuration/Hexes            3
Comestibles
 f - 3 bread rations
 o - 4 meat rations
 t - 3 royal jellies
 z - 2 chunks of flesh


   Skills:
 + Level 4.6 Fighting
 + Level 4.2 Long Blades
 + Level 4.8 Armour
 + Level 1.2 Dodging
 + Level 5.2 Shields


You had 4 spell levels left.
You didn't know any spells.

Dungeon Overview and Level Annotations

Branches:
Dungeon (4/15)
 Temple: D:4-7

Altars:


Innate Abilities, Weirdness & Mutations

You reflexively headbutt those who attack you in melee.
You have a pair of horns on your head.


Message History

You are too injured to fight recklessly!
You barely miss the orc warrior.
The orc warrior is lightly wounded.
The orc warrior hits you with a halberd!
* * * LOW HITPOINT WARNING * * *
Your shield and chain mail prevent you from hitting the orc warrior.
The orc warrior is lightly wounded.
You block the orc warrior's attack.
You hit the orc warrior.
The orc warrior is moderately wounded.
The orc wizard gestures at you while chanting.
The magic dart hits you!
* * * LOW HITPOINT WARNING * * *
The orc warrior hits you but does no damage.
You block the orc wizard's attack.
You completely miss the orc warrior.
The orc warrior is moderately wounded.
You block the orc wizard's attack.
The orc warrior hits you with a halberd!
You die...

#. ##.....## #..
##.......##
#.#...####.........###
#.....o).'.........'.
#.#...####.........#
..... ##.......## #.#.
##.<...## ... ##.o.##
#. ##@## . #o#
#.###### ##.#.....
##....# #.....#
##....# #.#####.#.#
#........#


You could see an orc warrior and an orc wizard.

Vanquished Creatures
  An ogre (D:4)
  A gnoll shaman (D:3)
  A hound (D:4)
  An adder (D:3)
  2 worms
  A dart slug (D:1)
  2 leopard geckos (D:1)
  5 orcs
  7 bats
  3 giant cockroaches
  10 hobgoblins
  8 jackals (D:2)
  6 kobolds
  4 quokkas (D:2)
  A frilled lizard (D:1)
  6 goblins
  7 rats
66 creatures vanquished.

Notes
Turn   | Place    | Note
-------+----------+-------------------------------------------
     0 | D:1      | McKennaii the Minotaur Fighter began the quest for the Orb.
     0 | D:1      | Reached XP level 1. HP: 19/19 MP: 0/0
   206 | D:1      | Reached XP level 2. HP: 23/27 MP: 1/1
   222 | D:1      | Reached skill level 4 in Shields
   673 | D:2      | Reached XP level 3. HP: 33/33 MP: 2/2
  1387 | D:3      | Reached XP level 4. HP: 31/40 MP: 3/3
  2012 | D:4      | Noticed an orc warrior
  2572 | D:4      | Noticed an ogre
  2581 | D:4      | HP: 1/40 [ogre/giant club (4)]
  2582 | D:4      | Killed an ogre
  2582 | D:4      | Reached skill level 1 in Dodging
  2582 | D:4      | Reached skill level 5 in Shields
  2582 | D:4      | Reached XP level 5. HP: 2/47 MP: 4/4
  2963 | D:4      | Mangled by an orc warrior

Skill      XL: |  1  2  3  4 |
---------------+-------------+-----
Shields        | 4 5 |  5.2
Fighting       | 4 |  4.6
Armour         | 4 |  4.8
Long Blades    | 3 4 |  4.2
Dodging        | 1 |  1.2

Action                   |  1- 3 |  4- 6 || total
-------------------------+-------+-------++-------
Melee: Long sword        |   147 |    81 ||   228
       Headbutt          |    14 |    12 ||    26
  Use: Scroll            |     3 |     1 ||     4
  Eat: Chunk             |     1 |     6 ||     7
Armor: Scale mail        |    76 |    20 ||    96
       Chain mail        |       |    10 ||    10
Dodge: Dodged            |    58 |    23 ||    81
Block: Shield            |   106 |    41 ||   147
       Rpst.: Long sword |    17 |     9 ||    26
